Jets vs Sabres
Created - 12 janvier 2014 at 09:53
Goals
|
| Jets |
0 |
2 |
1 |
3 |
| Sabres |
1 |
3 |
0 |
4 |
|
Shots
|
| Jets |
14 |
12 |
5 |
31 |
| Sabres |
11 |
11 |
6 |
28 |
|
1st period
1. Sabres , Todd White 8 (Johnny Boychuk) at 17:10 (SH)
Penalties :
James Neal (Buf) for Roughing (Minor) at 10:35, Dennis Wideman (Buf) for Hooking (Minor) at 16:43
2nd period
2. Sabres , Kyle Calder 4 (Johnny Boychuk, Boyd Devereaux) at 0:29
3. Jets , Eric Brewer 3 (Kyle Wellwood, Jussi Jokinen) at 4:35 (PP)
4. Jets , Tuomo Ruutu 7 (Fredrik Sjostrom, Michael Ryder) at 5:36
5. Sabres , Ryan Hollweg 16 (Dennis Wideman, Dominic Moore) at 6:41
6. Sabres , Nikolai Zherdev 9 (Kyle Calder, Boyd Devereaux) at 10:24
Penalties :
Steve Downie (Buf) for Hooking (Minor) at 4:29, Johnny Boychuk (Buf) for Holding (Minor) at 5:51, Jason Allison (Win) for Tripping (Minor) at 5:51, Johnny Boychuk (Buf) for Holding (Minor) at 10:50
3rd period
7. Jets , Daniel Alfredsson 14 (Jason Allison, Roman Hamrlik) at 1:30
Penalties :
Boyd Devereaux (Buf) for High sticking (Minor) at 4:49, Dominic Moore (Buf) for Roughing (Minor) at 18:38
Goalie Stats
Ilya Bryzgalov (Win), 9 saves from 9 shots - (1,000), 28:42 minutes
Maxime Daigneault (Win), 15 saves from 19 shots - (0,789), L, 14-14-1, 30:24 minutes
Michal Neuvirth (Buf), 28 saves from 31 shots - (0,903), W, 10-12-3, 60:00 minutes
Players Stats for Jets
Player Name G A P +/- PIM S H SB GA TA FO MP PP MP PK MP
------------------------------------------------------------------------------------
Adam Burish 0 0 0 0 0 2 2 0 0 0 0/0 15:34 4:21 0:00
Benoit Pouliot 0 0 0 -1 0 4 1 1 0 1 0/0 10:47 1:30 0:00
Colin White 0 0 0 -1 0 2 1 2 0 3 0/0 20:16 0:19 0:00
Daniel Alfredsson 1 0 1 -1 0 2 3 1 0 0 0/2 21:15 5:14 0:00
Darroll Powe 0 0 0 0 0 0 0 0 0 0 0/0 9:56 0:00 0:00
Dmitri Kalinin 0 0 0 -1 0 2 1 3 0 1 0/0 26:25 4:43 0:00
Eric Brewer 1 0 1 -2 0 3 1 3 0 1 0/0 22:51 4:40 0:00
Fredrik Sjostrom 0 1 1 0 0 1 3 0 0 0 0/0 16:49 1:45 0:00
Greg Campbell 0 0 0 0 0 0 0 0 1 0 0/2 9:47 0:00 0:00
Jason Allison 0 1 1 0 2 1 0 0 3 0 13/23 20:14 4:20 0:00
Jussi Jokinen 0 1 1 -2 0 2 1 0 2 0 1/1 17:56 5:22 0:00
Kristian Huselius 0 0 0 0 0 2 2 0 0 0 1/1 10:28 0:26 0:00
Kyle Wellwood 0 1 1 -1 0 3 2 1 0 1 12/20 22:08 5:03 0:00
Michael Ryder 0 1 1 0 0 3 1 0 1 0 0/0 11:37 0:08 0:00
Mike Commodore 0 0 0 -1 0 3 1 1 0 0 0/0 22:27 4:24 0:00
Roman Hamrlik 0 1 1 0 0 0 1 2 0 0 0/0 16:25 4:40 0:00
Tuomo Ruutu 1 0 1 0 0 1 0 1 0 0 2/6 11:29 0:00 0:00
Zbynek Michalek 0 0 0 1 0 0 0 0 0 1 0/0 11:36 0:00 0:00
Players Stats for Sabres
Player Name G A P +/- PIM S H SB GA TA FO MP PP MP PK MP
------------------------------------------------------------------------------------
Boyd Devereaux 0 2 2 2 2 3 3 0 2 0 9/20 19:41 0:00 4:30
Darcy Tucker 0 0 0 -1 0 0 0 0 0 0 0/0 6:47 0:00 0:00
Dennis Wideman 0 1 1 -1 2 0 1 1 0 0 0/0 21:55 0:00 4:19
Dominic Moore 0 1 1 1 2 2 0 0 1 1 7/14 16:39 0:00 2:29
James Neal 0 0 0 0 2 1 5 0 0 1 0/2 15:43 0:00 1:18
Jason Smith 0 0 0 2 0 2 2 1 0 1 0/0 21:57 0:00 3:45
Johnny Boychuk 0 2 2 2 4 0 1 0 0 1 0/0 19:25 0:00 4:19
Kyle Calder 1 1 2 1 0 2 0 0 0 1 1/1 14:12 0:00 2:07
Ladislav Smid 0 0 0 2 0 0 1 0 0 0 0/0 18:44 0:00 2:20
Mike Fisher 0 0 0 0 0 2 0 0 0 0 7/15 14:17 0:00 0:17
Nathan Paetsch 0 0 0 1 0 0 0 0 0 2 0/0 16:53 0:00 0:18
Niclas Bergfors 0 0 0 0 0 3 0 0 2 0 1/1 15:56 0:00 0:00
Nikolai Zherdev 1 0 1 1 0 1 1 0 0 0 0/0 14:18 0:00 2:09
Ole-Kristian Tollefsen 0 0 0 -2 0 0 2 1 0 0 0/0 22:35 0:00 3:45
Richard Zednik 0 0 0 -1 0 2 0 0 1 0 0/0 6:47 0:00 0:00
Ryan Hollweg 1 0 1 1 0 5 0 0 0 0 1/1 14:42 0:00 0:23
Steve Downie 0 0 0 0 2 3 0 1 2 0 0/1 14:26 0:00 0:00
Todd White 1 0 1 0 0 2 2 0 0 0 0/0 13:34 0:00 5:33
3 Stars
1 - Kyle Calder (Buf)
2 - Boyd Devereaux (Buf)
3 - Nikolai Zherdev (Buf)
Power Play
Jets - 1 on 6 Attempt(s) - 16,67%
Sabres - 0 on 0 Attempt(s) - 0,00%
Penalty Kill
Jets - 0 on 0 Attempt(s) - 0,00%
- Score 0 goal in Penalty Kill
Sabres - 5 on 6 Attempt(s) - 83,33%
- Score 1 goal in Penalty Kill
Official
Referees : Devorski Paul and Hasenfratz Mike
Linesman : Andy McElman and Pierre Champoux
Game Notes
Benoit Pouliot is injured at 8:36 of 2nd period (Upper Body)
Ilya Bryzgalov enters game at 10:24 of 2nd period
Finance
Level 1 -- Attendance: 5793 (96,55%) -- Ticket Income 475 026 $
Level 2 -- Attendance: 4155 (83,10%) -- Ticket Income 216 060 $
Level 3 -- Attendance: 2000 (100,00%) -- Ticket Income 56 000 $
Level 4 -- Attendance: 3748 (93,70%) -- Ticket Income 67 464 $
Luxury Box -- Attendance: 1000 (100,00%) -- Ticket Income 148 000 $
Game was played at the Duff Garden
Total Attendance: 16696 (92,76%)
Total Ticket Income: 962 550 $
Other Income: 144 382 $
Total Income: 1 106 932 $
Jets
5 vs 5 Forward
Center Left Wing Right Wing Time % Phy DF OF
1 Jason Allison Benoit Pouliot Daniel Alfredsson 40 1 2 2
2 Kyle Wellwood Jussi Jokinen Adam Burish 30 1 1 3
3 Tuomo Ruutu Fredrik Sjostrom Michael Ryder 20 1 1 3
4 Greg Campbell Kristian Huselius Darroll Powe 10 1 2 2
5 vs 5 Defense
Defense Defense Time % Phy DF OF
1 Colin White Dmitri Kalinin 40 2 2 1
2 Eric Brewer Mike Commodore 30 1 2 2
3 Zbynek Michalek Roman Hamrlik 20 1 3 1
4 Dmitri Kalinin Eric Brewer 10 1 2 2
PowerPlay Forward
Center Left Wing Right Wing Time % Phy DF OF
1 Kyle Wellwood Jussi Jokinen Daniel Alfredsson 60 0 0 5
2 Jason Allison Benoit Pouliot Adam Burish 40 0 0 5
PowerPlay Defense
Defense Defense Time % Phy DF OF
1 Roman Hamrlik Eric Brewer 50 0 1 4
2 Dmitri Kalinin Mike Commodore 50 0 1 4
Penalty Kill 4 Players Forward
Center Wing Time % Phy DF OF
1 Greg Campbell Daniel Alfredsson 60 0 4 1
2 Darroll Powe Adam Burish 40 0 4 1
Penalty Kill 4 Players Defense
Defense Defense Time % Phy DF OF
1 Mike Commodore Dmitri Kalinin 60 0 5 0
2 Eric Brewer Colin White 40 0 5 0
Penalty Kill - 3 Players Forward
Forward Time % Phy DF OF
1 Daniel Alfredsson 60 0 5 0
2 Greg Campbell 40 0 5 0
Penalty Kill - 3 Players Defense
Defense Defense Time % Phy DF OF
1 Eric Brewer Mike Commodore 60 0 5 0
2 Colin White Dmitri Kalinin 40 0 5 0
4 vs 4 Forward
Center Wing Time % Phy DF OF
1 Jason Allison Benoit Pouliot 60 1 2 2
2 Kyle Wellwood Daniel Alfredsson 40 1 2 2
4 vs 4 Defense
Defense Defense Time % Phy DF OF
1 Colin White Dmitri Kalinin 60 1 3 1
2 Eric Brewer Mike Commodore 40 1 3 1
Last Minutes Offensive
Center Left Wing Right Wing Defense Defense
Jason Allison Benoit Pouliot Daniel Alfredsson Eric Brewer Dmitri Kalinin
Last Minutes Defensive
Center Left Wing Right Wing Defense Defense
Greg Campbell Daniel Alfredsson Adam Burish Dmitri Kalinin Mike Commodore
Goaltenders
Starting : Maxime Daigneault
Backup : Ilya Bryzgalov
Extra Forwards
Normal : Kyle Wellwood, Daniel Alfredsson, Jussi Jokinen - PP : Adam Burish, Daniel Alfredsson - PK : Daniel Alfredsson
Extra Defensemen
Normal : Eric Brewer, Colin White, Dmitri Kalinin - PP : Eric Brewer - PK : Colin White, Dmitri Kalinin
Penalty Shots
Benoit Pouliot, Tuomo Ruutu, Daniel Alfredsson, Jason Allison, Eric Brewer
Sabres
5 vs 5 Forward
Center Left Wing Right Wing Time % Phy DF OF
1 Boyd Devereaux Kyle Calder Nikolai Zherdev 30 1 3 1
2 Dominic Moore James Neal Niclas Bergfors 30 1 2 2
3 Mike Fisher Ryan Hollweg Steve Downie 30 2 2 1
4 Todd White Darcy Tucker Richard Zednik 10 1 4 0
5 vs 5 Defense
Defense Defense Time % Phy DF OF
1 Ole-Kristian Tollefsen Dennis Wideman 30 1 3 1
2 Johnny Boychuk Jason Smith 30 1 3 1
3 Ladislav Smid Nathan Paetsch 30 1 4 0
4 Ole-Kristian Tollefsen Jason Smith 10 1 2 2
PowerPlay Forward
Center Left Wing Right Wing Time % Phy DF OF
1 Mike Fisher Ryan Hollweg Niclas Bergfors 60 1 1 3
2 Dominic Moore James Neal Steve Downie 40 1 1 3
PowerPlay Defense
Defense Defense Time % Phy DF OF
1 Johnny Boychuk Dennis Wideman 60 1 2 2
2 Ole-Kristian Tollefsen Jason Smith 40 1 2 2
Penalty Kill 4 Players Forward
Center Wing Time % Phy DF OF
1 Boyd Devereaux Todd White 60 0 5 0
2 Dominic Moore Nikolai Zherdev 40 0 5 0
Penalty Kill 4 Players Defense
Defense Defense Time % Phy DF OF
1 Johnny Boychuk Dennis Wideman 60 1 4 0
2 Ole-Kristian Tollefsen Jason Smith 40 1 4 0
Penalty Kill - 3 Players Forward
Forward Time % Phy DF OF
1 Todd White 60 0 5 0
2 Boyd Devereaux 40 0 5 0
Penalty Kill - 3 Players Defense
Defense Defense Time % Phy DF OF
1 Johnny Boychuk Dennis Wideman 60 1 4 0
2 Ole-Kristian Tollefsen Jason Smith 40 1 4 0
4 vs 4 Forward
Center Wing Time % Phy DF OF
1 Boyd Devereaux Niclas Bergfors 60 1 3 1
2 Dominic Moore Ryan Hollweg 40 1 3 1
4 vs 4 Defense
Defense Defense Time % Phy DF OF
1 Johnny Boychuk Dennis Wideman 60 1 3 1
2 Ole-Kristian Tollefsen Jason Smith 40 1 3 1
Last Minutes Offensive
Center Left Wing Right Wing Defense Defense
Dominic Moore Ryan Hollweg Niclas Bergfors Ole-Kristian Tollefsen Jason Smith
Last Minutes Defensive
Center Left Wing Right Wing Defense Defense
Dominic Moore Todd White Nikolai Zherdev Ole-Kristian Tollefsen Jason Smith
Goaltenders
Starting : Michal Neuvirth
Backup : Ty Conklin
Extra Forwards
Normal : James Neal, Steve Downie, Nikolai Zherdev - PP : Nikolai Zherdev, Richard Zednik - PK : Kyle Calder
Extra Defensemen
Normal : Jason Smith, Ole-Kristian Tollefsen, Dennis Wideman - PP : Nathan Paetsch - PK : Ladislav Smid, Nathan Paetsch
Penalty Shots
Nikolai Zherdev, Niclas Bergfors, Dominic Moore, Richard Zednik, Mike Fisher
% Time on Ice - Jets
Lines # - Real PCT - Wanted PCT - Time Play
Normal Forward
1 - 33% - 40% - 16:00
2 - 23% - 30% - 11:22
3 - 24% - 20% - 11:29
4 - 20% - 10% - 9:47
Normal Defense
1 - 39% - 40% - 18:45
2 - 36% - 30% - 17:25
3 - 24% - 20% - 11:36
4 - 2% - 10% - 0:52
PP Forward
1 - 54% - 60% - 5:03
2 - 46% - 40% - 4:20
PP Defense
1 - 50% - 50% - 4:40
2 - 50% - 50% - 4:43
PK Forward
1 - 0% - 60%
2 - 0% - 40%
PK Defense
1 - 0% - 60%
2 - 0% - 40%
PK3 Forward
1 - 0% - 60%
2 - 0% - 40%
PK3 Defense
1 - 0% - 60%
2 - 0% - 40%
44 Forward
1 - 100% - 60% - 1:59
2 - 0% - 40% - 0:00
44 Defense
1 - 63% - 60% - 1:15
2 - 37% - 40% - 0:44
Last Minute Offensive - 0:00
Last Minute Defensive - 0:00
Total
Forward - 60:00
Defense - 60:00
|
% Time on Ice - Sabres
Lines # - Real PCT - Wanted PCT - Time Play
Normal Forward
1 - 29% - 30% - 13:59
2 - 29% - 30% - 13:52
3 - 29% - 30% - 14:00
4 - 14% - 10% - 6:47
Normal Defense
1 - 33% - 30% - 16:12
2 - 30% - 30% - 14:33
3 - 33% - 30% - 15:59
4 - 4% - 10% - 1:54
PP Forward
1 - 0% - 60%
2 - 0% - 40%
PP Defense
1 - 0% - 60%
2 - 0% - 40%
PK Forward
1 - 77% - 60% - 7:14
2 - 23% - 40% - 2:09
PK Defense
1 - 60% - 60% - 5:38
2 - 40% - 40% - 3:45
PK3 Forward
1 - 0% - 60%
2 - 0% - 40%
PK3 Defense
1 - 0% - 60%
2 - 0% - 40%
44 Forward
1 - 84% - 60% - 1:40
2 - 16% - 40% - 0:19
44 Defense
1 - 84% - 60% - 1:40
2 - 16% - 40% - 0:19
Last Minute Offensive - 0:00
Last Minute Defensive - 0:00
Total
Forward - 60:00
Defense - 60:00
|
Play by Play
1st period
0:01 of 1st period - Jason Allison wins face-off versus Boyd Devereaux in neutral zone.
0:08 of 1st period - Dennis Wideman is hit by Benoit Pouliot and loses puck.
0:27 of 1st period - Dominic Moore is hit by Adam Burish and loses puck.
0:38 of 1st period - Slapshot by Adam Burish.
0:38 of 1st period - Shot Misses the Net.
1:18 of 1st period - Slapshot by Eric Brewer.
1:18 of 1st period - Stopped by Michal Neuvirth with a rebound.
1:20 of 1st period - Snap shot by Mike Commodore.
1:20 of 1st period - Stopped by Michal Neuvirth with a rebound.
2:14 of 1st period - Dmitri Kalinin is hit by James Neal and loses puck.
2:41 of 1st period - Darcy Tucker is hit by Kristian Huselius and loses puck.
2:54 of 1st period - Slapshot by Boyd Devereaux.
2:54 of 1st period - Deflect By Kyle Calder.
2:54 of 1st period - Shot Blocked by Mike Commodore.
2:54 of 1st period - Puck is out of play.
2:55 of 1st period - Boyd Devereaux wins face-off versus Jason Allison in Jets zone.
2:56 of 1st period - Snap shot by Kyle Calder.
2:56 of 1st period - Shot Blocked by Eric Brewer.
3:07 of 1st period - Snap shot by Kyle Calder.
3:07 of 1st period - Stopped by Maxime Daigneault without a rebound.
3:08 of 1st period - Mike Fisher wins face-off versus Kyle Wellwood in Jets zone.
3:09 of 1st period - Snap shot by Ryan Hollweg.
3:09 of 1st period - Shot Misses the Net.
3:11 of 1st period - Slapshot by Jason Smith.
3:11 of 1st period - Stopped by Maxime Daigneault with a rebound.
3:13 of 1st period - Backhand shot by Johnny Boychuk.
3:13 of 1st period - Shot Misses the Net.
3:21 of 1st period - Slapshot by Steve Downie.
3:21 of 1st period - Stopped by Maxime Daigneault with a rebound.
3:23 of 1st period - Slapshot by Jason Smith.
3:23 of 1st period - Stopped by Maxime Daigneault without a rebound.
3:24 of 1st period - Jason Allison wins face-off versus Dominic Moore in Jets zone.
3:53 of 1st period - Snap shot by Fredrik Sjostrom.
3:53 of 1st period - Deflect By Tuomo Ruutu.
3:53 of 1st period - Shot Misses the Net.
3:53 of 1st period - Puck is out of play.
3:54 of 1st period - Tuomo Ruutu wins face-off versus Mike Fisher in Sabres zone.
4:02 of 1st period - Slapshot by Ryan Hollweg.
4:02 of 1st period - Shot Blocked by Colin White.
4:30 of 1st period - Slapshot by Adam Burish.
4:30 of 1st period - Stopped by Michal Neuvirth with a rebound.
4:42 of 1st period - Benoit Pouliot is hit by James Neal and loses puck.
5:29 of 1st period - Wrist shot by Michael Ryder.
5:29 of 1st period - Stopped by Michal Neuvirth with a rebound.
5:47 of 1st period - Snap shot by Kyle Wellwood.
5:47 of 1st period - Stopped by Michal Neuvirth without a rebound.
5:48 of 1st period - Kyle Wellwood wins face-off versus Boyd Devereaux in Sabres zone.
5:57 of 1st period - Snap shot by Jussi Jokinen.
5:57 of 1st period - Stopped by Michal Neuvirth without a rebound.
5:58 of 1st period - Boyd Devereaux wins face-off versus Jason Allison in Sabres zone.
6:07 of 1st period - Wrist shot by Jason Allison.
6:07 of 1st period - Shot Misses the Net.
6:09 of 1st period - Wrist shot by Daniel Alfredsson.
6:09 of 1st period - Shot Misses the Net.
6:11 of 1st period - Slapshot by Dmitri Kalinin.
6:11 of 1st period - Stopped by Michal Neuvirth without a rebound.
6:12 of 1st period - Jason Allison wins face-off versus Dominic Moore in Sabres zone.
7:06 of 1st period - Tuomo Ruutu is hit by Jason Smith and loses puck.
7:45 of 1st period - Ladislav Smid is hit by Daniel Alfredsson and loses puck.
7:50 of 1st period - Slapshot by Jason Allison.
7:50 of 1st period - Stopped by Michal Neuvirth with a rebound.
8:04 of 1st period - Snap shot by Mike Fisher.
8:04 of 1st period - Deflect By Ryan Hollweg.
8:04 of 1st period - Stopped by Maxime Daigneault with a rebound.
8:06 of 1st period - Wrist shot by Mike Fisher.
8:06 of 1st period - Shot Misses the Net.
8:22 of 1st period - Snap shot by Tuomo Ruutu.
8:22 of 1st period - Shot Blocked by Dennis Wideman.
8:53 of 1st period - Icing by Colin White.
8:54 of 1st period - Kristian Huselius wins face-off versus Mike Fisher in Jets zone.
9:20 of 1st period - Snap shot by Niclas Bergfors.
9:20 of 1st period - Stopped by Maxime Daigneault with a rebound.
9:22 of 1st period - Wrist shot by Niclas Bergfors.
9:22 of 1st period - Stopped by Maxime Daigneault with a rebound.
10:10 of 1st period - Icing by Zbynek Michalek.
10:11 of 1st period - Mike Fisher wins face-off versus Tuomo Ruutu in Jets zone.
10:14 of 1st period - Wrist shot by Ryan Hollweg.
10:14 of 1st period - Shot Misses the Net.
10:18 of 1st period - Wrist shot by Steve Downie.
10:18 of 1st period - Deflect By Tuomo Ruutu.
10:18 of 1st period - Shot Blocked by Roman Hamrlik.
10:18 of 1st period - Puck is out of play.
10:19 of 1st period - Mike Fisher wins face-off versus Jason Allison in Jets zone.
10:32 of 1st period - Snap shot by Ryan Hollweg.
10:32 of 1st period - Shot Hit the Post.
10:34 of 1st period - Wrist shot by Ryan Hollweg.
10:34 of 1st period - Deflect By Mike Fisher.
10:34 of 1st period - Stopped by Maxime Daigneault without a rebound.
10:35 of 1st period - Kyle Wellwood wins face-off versus Dominic Moore in Jets zone.
10:35 of 1st period - Minor Penalty to James Neal for Roughing.
10:36 of 1st period - Boyd Devereaux wins face-off versus Daniel Alfredsson in Sabres zone.
11:07 of 1st period - Wrist shot by Benoit Pouliot.
11:07 of 1st period - Stopped by Michal Neuvirth with a rebound.
11:09 of 1st period - Snap shot by Benoit Pouliot.
11:09 of 1st period - Stopped by Michal Neuvirth without a rebound.
11:10 of 1st period - Boyd Devereaux wins face-off versus Jason Allison in Sabres zone.
11:27 of 1st period - Jason Smith is hit by Daniel Alfredsson and loses puck.
12:20 of 1st period - Kyle Calder is hit by Kyle Wellwood.
12:35 of 1st period - Penalty to James Neal is over, James Neal is back on ice.
12:48 of 1st period - Slapshot by Fredrik Sjostrom.
12:48 of 1st period - Shot Misses the Net.
12:54 of 1st period - Snap shot by Todd White.
12:54 of 1st period - Shot Blocked by Tuomo Ruutu.
13:10 of 1st period - Dmitri Kalinin is hit by Ladislav Smid and loses puck.
13:17 of 1st period - Snap shot by Kristian Huselius.
13:17 of 1st period - Shot Blocked by Steve Downie.
13:19 of 1st period - Snap shot by Darroll Powe.
13:19 of 1st period - Deflect By Kristian Huselius.
13:19 of 1st period - Stopped by Michal Neuvirth without a rebound.
13:20 of 1st period - Jason Allison wins face-off versus Mike Fisher in Sabres zone.
13:46 of 1st period - Dominic Moore is hit by Kyle Wellwood and loses puck.
14:20 of 1st period - Dmitri Kalinin is hit by Todd White and loses puck.
15:00 of 1st period - Wrist shot by Boyd Devereaux.
15:00 of 1st period - Stopped by Maxime Daigneault with a rebound.
16:43 of 1st period - Minor Penalty to Dennis Wideman for Hooking.
16:44 of 1st period - Kyle Wellwood wins face-off versus Boyd Devereaux in Sabres zone.
16:47 of 1st period - Snap shot by Jussi Jokinen.
16:47 of 1st period - Shot Misses the Net.
16:49 of 1st period - Snap shot by Jussi Jokinen.
16:49 of 1st period - Shot Misses the Net.
16:51 of 1st period - Slapshot by Colin White.
16:51 of 1st period - Stopped by Michal Neuvirth without a rebound.
16:52 of 1st period - Kyle Wellwood wins face-off versus Boyd Devereaux in Sabres zone.
16:55 of 1st period - Wrist shot by Kyle Wellwood.
16:55 of 1st period - Stopped by Michal Neuvirth without a rebound.
16:56 of 1st period - Boyd Devereaux wins face-off versus Kyle Wellwood in Sabres zone.
17:05 of 1st period - Kyle Wellwood is hit by Boyd Devereaux and loses puck.
17:10 of 1st period - Snap shot by Todd White.
17:10 of 1st period - Goal by Todd White - Jets : 0 - Sabres : 1.
17:11 of 1st period - Boyd Devereaux wins face-off versus Kyle Wellwood in neutral zone.
17:18 of 1st period - Wrist shot by Boyd Devereaux.
17:18 of 1st period - Stopped by Maxime Daigneault with a rebound.
17:42 of 1st period - Backhand shot by Benoit Pouliot.
17:42 of 1st period - Stopped by Michal Neuvirth with a rebound.
18:38 of 1st period - Dmitri Kalinin is hit by Nikolai Zherdev and loses puck.
18:43 of 1st period - Penalty to Dennis Wideman is over, Dennis Wideman is back on ice.
18:45 of 1st period - Nikolai Zherdev is hit by Jussi Jokinen and loses puck.
19:06 of 1st period - Wrist shot by Steve Downie.
19:06 of 1st period - Shot Misses the Net.
19:42 of 1st period - Snap shot by Ryan Hollweg.
19:42 of 1st period - Shot Misses the Net.
19:44 of 1st period - Backhand shot by Dennis Wideman.
19:44 of 1st period - Shot Misses the Net.
2nd period
0:01 of 2nd period - Jason Allison wins face-off versus James Neal in neutral zone.
0:06 of 2nd period - Niclas Bergfors is hit by Daniel Alfredsson and loses puck.
0:11 of 2nd period - Snap shot by Benoit Pouliot.
0:11 of 2nd period - Shot Misses the Net.
0:13 of 2nd period - Snap shot by Benoit Pouliot.
0:13 of 2nd period - Stopped by Michal Neuvirth without a rebound.
0:14 of 2nd period - Boyd Devereaux wins face-off versus Jason Allison in Sabres zone.
0:19 of 2nd period - Slapshot by Jason Smith.
0:19 of 2nd period - Shot Misses the Net.
0:21 of 2nd period - Backhand shot by Boyd Devereaux.
0:21 of 2nd period - Stopped by Maxime Daigneault with a rebound.
0:23 of 2nd period - Snap shot by Johnny Boychuk.
0:23 of 2nd period - Shot Blocked by Colin White.
0:25 of 2nd period - Snap shot by Boyd Devereaux.
0:25 of 2nd period - Shot Blocked by Daniel Alfredsson.
0:27 of 2nd period - Slapshot by Johnny Boychuk.
0:27 of 2nd period - Shot Blocked by Dmitri Kalinin.
0:29 of 2nd period - Slapshot by Johnny Boychuk.
0:29 of 2nd period - Deflect By Kyle Calder.
0:29 of 2nd period - Goal by Kyle Calder - Jets : 0 - Sabres : 2.
0:30 of 2nd period - Niclas Bergfors wins face-off versus Jason Allison in neutral zone.
0:55 of 2nd period - Snap shot by Michael Ryder.
0:55 of 2nd period - Shot Hit the Post.
0:57 of 2nd period - Snap shot by Michael Ryder.
0:57 of 2nd period - Stopped by Michal Neuvirth without a rebound.
0:58 of 2nd period - Tuomo Ruutu wins face-off versus Mike Fisher in Sabres zone.
1:03 of 2nd period - Wrist shot by Michael Ryder.
1:03 of 2nd period - Stopped by Michal Neuvirth without a rebound.
1:04 of 2nd period - Mike Fisher wins face-off versus Jason Allison in Sabres zone.
2:15 of 2nd period - Jason Allison is hit by Ole-Kristian Tollefsen and loses puck.
2:44 of 2nd period - Backhand shot by Eric Brewer.
2:44 of 2nd period - Stopped by Michal Neuvirth with a rebound.
3:57 of 2nd period - Snap shot by Adam Burish.
3:57 of 2nd period - Stopped by Michal Neuvirth with a rebound.
4:03 of 2nd period - Slapshot by Richard Zednik.
4:03 of 2nd period - Stopped by Maxime Daigneault without a rebound.
4:04 of 2nd period - Kyle Wellwood wins face-off versus Boyd Devereaux in Jets zone.
4:20 of 2nd period - Slapshot by Kyle Wellwood.
4:20 of 2nd period - Shot Misses the Net.
4:28 of 2nd period - Wrist shot by Jussi Jokinen.
4:28 of 2nd period - Deflect By Kyle Wellwood.
4:28 of 2nd period - Shot Misses the Net.
4:28 of 2nd period - Puck is out of play.
4:29 of 2nd period - Jason Allison wins face-off versus Mike Fisher in Sabres zone.
4:29 of 2nd period - Minor Penalty to Steve Downie for Hooking.
4:30 of 2nd period - Kyle Wellwood wins face-off versus Boyd Devereaux in Sabres zone.
4:33 of 2nd period - Slapshot by Kyle Wellwood.
4:33 of 2nd period - Shot Hit the Post.
4:35 of 2nd period - Slapshot by Eric Brewer.
4:35 of 2nd period - Goal by Eric Brewer - Jets : 1 - Sabres : 2.
4:36 of 2nd period - Jason Allison wins face-off versus Mike Fisher in neutral zone.
5:01 of 2nd period - Kyle Wellwood is hit by Jason Smith and loses puck.
5:14 of 2nd period - Snap shot by Dominic Moore.
5:14 of 2nd period - Stopped by Maxime Daigneault with a rebound.
5:36 of 2nd period - Snap shot by Tuomo Ruutu.
5:36 of 2nd period - Goal by Tuomo Ruutu - Jets : 2 - Sabres : 2.
5:37 of 2nd period - Jason Allison wins face-off versus Mike Fisher in neutral zone.
5:51 of 2nd period - Minor Penalty to Johnny Boychuk for Holding.
5:51 of 2nd period - Minor Penalty to Jason Allison for Tripping.
5:52 of 2nd period - Kyle Wellwood wins face-off versus Boyd Devereaux in Jets zone.
5:52 of 2nd period - Kyle Wellwood is hit by Boyd Devereaux.
6:18 of 2nd period - Niclas Bergfors is hit by Colin White and loses puck.
6:37 of 2nd period - Snap shot by Dennis Wideman.
6:37 of 2nd period - Deflect By Dominic Moore.
6:37 of 2nd period - Stopped by Maxime Daigneault with a rebound.
6:41 of 2nd period - Wrist shot by Ryan Hollweg.
6:41 of 2nd period - Goal by Ryan Hollweg - Jets : 2 - Sabres : 3.
6:42 of 2nd period - Boyd Devereaux wins face-off versus Kyle Wellwood in neutral zone.
6:49 of 2nd period - Backhand shot by Niclas Bergfors.
6:49 of 2nd period - Deflect By Benoit Pouliot.
6:49 of 2nd period - Stopped by Maxime Daigneault with a rebound.
7:31 of 2nd period - Slapshot by Mike Commodore.
7:31 of 2nd period - Stopped by Michal Neuvirth without a rebound.
7:32 of 2nd period - Jussi Jokinen wins face-off versus James Neal in Sabres zone.
7:33 of 2nd period - Snap shot by Fredrik Sjostrom.
7:33 of 2nd period - Stopped by Michal Neuvirth with a rebound.
7:35 of 2nd period - Backhand shot by Dmitri Kalinin.
7:35 of 2nd period - Shot Blocked by Jason Smith.
7:37 of 2nd period - Slapshot by Dmitri Kalinin.
7:37 of 2nd period - Stopped by Michal Neuvirth without a rebound.
7:38 of 2nd period - Kyle Wellwood wins face-off versus Boyd Devereaux in Sabres zone.
7:51 of 2nd period - Penalty to Johnny Boychuk is over, Johnny Boychuk is back on ice.
7:51 of 2nd period - Penalty to Jason Allison is over, Jason Allison is back on ice.
8:06 of 2nd period - Snap shot by Jason Allison.
8:06 of 2nd period - Shot Misses the Net.
8:34 of 2nd period - Snap shot by Niclas Bergfors.
8:34 of 2nd period - Shot Misses the Net.
8:36 of 2nd period - Slapshot by Niclas Bergfors.
8:36 of 2nd period - Shot Blocked by Benoit Pouliot.
8:36 of 2nd period - Benoit Pouliot from Jets is injured at 8:36 of 2nd period (Upper Body).
8:37 of 2nd period - Jason Allison wins face-off versus Dominic Moore in Jets zone.
10:24 of 2nd period - Snap shot by Nikolai Zherdev.
10:24 of 2nd period - Goal by Nikolai Zherdev - Jets : 2 - Sabres : 4.
10:24 of 2nd period - Ilya Bryzgalov enters game.
10:25 of 2nd period - Dominic Moore wins face-off versus Jason Allison in neutral zone.
10:50 of 2nd period - Minor Penalty to Johnny Boychuk for Holding.
10:51 of 2nd period - Kyle Wellwood wins face-off versus Boyd Devereaux in Sabres zone.
11:02 of 2nd period - Snap shot by Daniel Alfredsson.
11:02 of 2nd period - Stopped by Michal Neuvirth without a rebound.
11:03 of 2nd period - Boyd Devereaux wins face-off versus Kyle Wellwood in Sabres zone.
11:03 of 2nd period - Boyd Devereaux is hit by Mike Commodore.
12:00 of 2nd period - Eric Brewer is hit by Todd White and loses puck.
12:24 of 2nd period - Slapshot by Jason Smith.
12:24 of 2nd period - Shot Blocked by Dmitri Kalinin.
12:50 of 2nd period - Penalty to Johnny Boychuk is over, Johnny Boychuk is back on ice.
13:02 of 2nd period - Boyd Devereaux is hit by Kristian Huselius and loses puck.
13:53 of 2nd period - Slapshot by Colin White.
13:53 of 2nd period - Stopped by Michal Neuvirth without a rebound.
13:54 of 2nd period - Dominic Moore wins face-off versus Tuomo Ruutu in Sabres zone.
14:10 of 2nd period - Off-side.
14:11 of 2nd period - Jason Allison wins face-off versus Mike Fisher in neutral zone.
14:16 of 2nd period - Wrist shot by Daniel Alfredsson.
14:16 of 2nd period - Shot Misses the Net.
16:53 of 2nd period - Wrist shot by Richard Zednik.
16:53 of 2nd period - Shot Misses the Net.
18:32 of 2nd period - Slapshot by Nikolai Zherdev.
18:32 of 2nd period - Deflect By Kyle Calder.
18:32 of 2nd period - Shot Blocked by Eric Brewer.
18:32 of 2nd period - Puck is out of play.
18:33 of 2nd period - Mike Fisher wins face-off versus Jason Allison in Jets zone.
18:46 of 2nd period - Snap shot by Steve Downie.
18:46 of 2nd period - Shot Blocked by Kyle Wellwood.
18:48 of 2nd period - Slapshot by Dennis Wideman.
18:48 of 2nd period - Deflect By Steve Downie.
18:48 of 2nd period - Stopped by Ilya Bryzgalov without a rebound.
18:49 of 2nd period - Dominic Moore wins face-off versus Daniel Alfredsson in Jets zone.
18:58 of 2nd period - Wrist shot by Daniel Alfredsson.
18:58 of 2nd period - Shot Misses the Net.
19:10 of 2nd period - Wrist shot by Steve Downie.
19:10 of 2nd period - Stopped by Ilya Bryzgalov with a rebound.
19:32 of 2nd period - Snap shot by Nathan Paetsch.
19:32 of 2nd period - Shot Misses the Net.
19:52 of 2nd period - Wrist shot by James Neal.
19:52 of 2nd period - Stopped by Ilya Bryzgalov without a rebound.
19:53 of 2nd period - Dominic Moore wins face-off versus Jason Allison in Jets zone.
3rd period
0:01 of 3rd period - Kyle Wellwood wins face-off versus Dominic Moore in neutral zone.
0:14 of 3rd period - Colin White is hit by James Neal and loses puck.
0:29 of 3rd period - Slapshot by Ole-Kristian Tollefsen.
0:29 of 3rd period - Shot Misses the Net.
0:35 of 3rd period - Mike Fisher is hit by Fredrik Sjostrom and loses puck.
0:58 of 3rd period - Slapshot by Mike Commodore.
0:58 of 3rd period - Stopped by Michal Neuvirth with a rebound.
1:08 of 3rd period - Mike Commodore is hit by Ole-Kristian Tollefsen.
1:28 of 3rd period - Snap shot by Jason Allison.
1:28 of 3rd period - Shot Misses the Net.
1:30 of 3rd period - Slapshot by Daniel Alfredsson.
1:30 of 3rd period - Goal by Daniel Alfredsson - Jets : 3 - Sabres : 4.
1:31 of 3rd period - Kyle Wellwood wins face-off versus Steve Downie in neutral zone.
2:10 of 3rd period - Mike Commodore is hit by James Neal and loses puck.
2:27 of 3rd period - Snap shot by Niclas Bergfors.
2:27 of 3rd period - Shot Misses the Net.
3:00 of 3rd period - Icing by Nathan Paetsch.
3:01 of 3rd period - Jason Allison wins face-off versus Boyd Devereaux in Sabres zone.
3:16 of 3rd period - Backhand shot by Jason Allison.
3:16 of 3rd period - Shot Hit the Post.
3:28 of 3rd period - Wrist shot by Ryan Hollweg.
3:28 of 3rd period - Stopped by Ilya Bryzgalov without a rebound.
3:29 of 3rd period - Ryan Hollweg wins face-off versus Tuomo Ruutu in Jets zone.
3:32 of 3rd period - Snap shot by Steve Downie.
3:32 of 3rd period - Shot Misses the Net.
3:54 of 3rd period - Mike Fisher is hit by Fredrik Sjostrom and loses puck.
4:12 of 3rd period - Icing by Eric Brewer.
4:13 of 3rd period - Dominic Moore wins face-off versus Tuomo Ruutu in Jets zone.
4:44 of 3rd period - Slapshot by Michael Ryder.
4:44 of 3rd period - Shot Misses the Net.
4:49 of 3rd period - Minor Penalty to Boyd Devereaux for High sticking.
4:50 of 3rd period - Kyle Calder wins face-off versus Kyle Wellwood in Sabres zone.
5:05 of 3rd period - Kyle Calder is hit by Eric Brewer and loses puck.
6:25 of 3rd period - Jason Allison is hit by Dennis Wideman and loses puck.
6:49 of 3rd period - Penalty to Boyd Devereaux is over, Boyd Devereaux is back on ice.
6:54 of 3rd period - Snap shot by Todd White.
6:54 of 3rd period - Stopped by Ilya Bryzgalov without a rebound.
6:55 of 3rd period - Mike Fisher wins face-off versus Greg Campbell in Jets zone.
7:02 of 3rd period - Wrist shot by Ryan Hollweg.
7:02 of 3rd period - Stopped by Ilya Bryzgalov with a rebound.
7:53 of 3rd period - Roman Hamrlik is hit by James Neal and loses puck.
8:04 of 3rd period - Niclas Bergfors is hit by Michael Ryder.
9:44 of 3rd period - Slapshot by Johnny Boychuk.
9:44 of 3rd period - Shot Blocked by Roman Hamrlik.
11:15 of 3rd period - Icing by Dennis Wideman.
11:16 of 3rd period - Mike Fisher wins face-off versus Kyle Wellwood in Sabres zone.
11:16 of 3rd period - Mike Fisher is hit by Dmitri Kalinin.
11:19 of 3rd period - Icing by Dennis Wideman.
11:20 of 3rd period - Dominic Moore wins face-off versus Kyle Wellwood in Sabres zone.
11:27 of 3rd period - Slapshot by Ole-Kristian Tollefsen.
11:27 of 3rd period - Shot Blocked by Dmitri Kalinin.
11:41 of 3rd period - Wrist shot by Kyle Wellwood.
11:41 of 3rd period - Stopped by Michal Neuvirth with a rebound.
11:59 of 3rd period - Wrist shot by Kyle Wellwood.
11:59 of 3rd period - Shot Blocked by Ole-Kristian Tollefsen.
12:01 of 3rd period - Snap shot by Jussi Jokinen.
12:01 of 3rd period - Stopped by Michal Neuvirth without a rebound.
12:02 of 3rd period - Jason Allison wins face-off versus Dominic Moore in Sabres zone.
13:13 of 3rd period - Slapshot by Todd White.
13:13 of 3rd period - Shot Misses the Net.
13:15 of 3rd period - Wrist shot by Richard Zednik.
13:15 of 3rd period - Stopped by Ilya Bryzgalov without a rebound.
13:16 of 3rd period - Kyle Wellwood wins face-off versus Dominic Moore in Jets zone.
14:08 of 3rd period - Snap shot by Mike Fisher.
14:08 of 3rd period - Stopped by Ilya Bryzgalov without a rebound.
14:09 of 3rd period - Dominic Moore wins face-off versus Greg Campbell in Jets zone.
14:18 of 3rd period - Slapshot by Kristian Huselius.
14:18 of 3rd period - Stopped by Michal Neuvirth with a rebound.
15:00 of 3rd period - Snap shot by Ryan Hollweg.
15:00 of 3rd period - Stopped by Ilya Bryzgalov with a rebound.
15:20 of 3rd period - Ladislav Smid is hit by Adam Burish and loses puck.
15:51 of 3rd period - Snap shot by Nikolai Zherdev.
15:51 of 3rd period - Shot Blocked by Eric Brewer.
16:09 of 3rd period - Wrist shot by Jason Allison.
16:09 of 3rd period - Shot Misses the Net.
17:07 of 3rd period - Roman Hamrlik is hit by Johnny Boychuk and loses puck.
17:14 of 3rd period - Niclas Bergfors is hit by Roman Hamrlik and loses puck.
18:08 of 3rd period - Dmitri Kalinin is hit by Boyd Devereaux and loses puck.
18:38 of 3rd period - Minor Penalty to Dominic Moore for Roughing.
18:39 of 3rd period - Jason Allison wins face-off versus Boyd Devereaux in Sabres zone.
19:04 of 3rd period - Nikolai Zherdev is hit by Fredrik Sjostrom.
19:06 of 3rd period - Jets, Ilya Bryzgalov is pulled from the net.
Output by the SimonT Hockey Simulator (STHS) for François Prévost -- Original Page W3C XHTML 1.0 Valid